 Dungeon Crawl Stone Soup version 0.27-a0-1113-gb2b6fe9c5e (webtiles) character file.

Game seed: 16276705997445062072

1145 Feb132020 the Thaumaturge (level 8, -7/42 HPs)
             Began as a Deep Elf Necromancer on May 1, 2021.
             Mangled by Duvessa
             ... wielding a +0 short sword of electrocution
              (13 damage)
             ... on level 5 of the Dungeon.
             The game lasted 00:30:53 (6967 turns).

Feb132020 the Thaumaturge (Deep Elf Necromancer)    Turns: 6967, Time: 00:30:54

Health: -7/42      AC:  7    Str:  5    XL:     8   Next: 15%
Magic:  6/22       EV: 13    Int: 21    God:
Gold:   260        SH:  0    Dex: 17    Spells: 13/24 levels left

rFire    . . .     SeeInvis .   b - +0 shortbow (chaos)
rCold    . . .     Faith    .   (shield currently unavailable)
rNeg     . . .     Spirit   .   c - +0 robe
rPois    .         Reflect  .   r - +2 hat
rElec    .         Harm     .   q - +0 cloak
rCorr    .         Rampage  .   l - +1 pair of gloves {archery}
Will     .....                  (no boots)
Stlth    +++.......             (no amulet)
HPRegen  0.14/turn              (no ring)
MPRegen  0.18/turn              (no ring)

@: hasted, very quick
A: no striking features
a: no special abilities


You were on level 5 of the Dungeon.
You visited 1 branch of the dungeon, and saw 6 of its levels.

You collected 299 gold pieces.
You spent 39 gold pieces at shops.

Inventory:

Hand Weapons
 a - a +3 dagger of flaming
 b - a +0 shortbow of chaos (weapon)
Missiles
 e - 75 arrows (quivered ammo)
Armour
 c - a +0 robe (worn)
 i - a +0 buckler
 l - a +1 pair of gloves of archery (worn)
 q - a +0 cloak (worn)
 r - a +2 hat (worn)
 s - a +1 pair of gloves
Jewellery
 u - a ring of wizardry
Wands
 p - a wand of paralysis (6)
Scrolls
 d - 3 scrolls of identify
 f - a scroll of magic mapping
 h - 4 scrolls of teleportation
 n - a scroll of holy word
Potions
 j - a potion of berserk rage {unknown}
 k - a potion of might {unknown}
 m - 2 potions of curing
 o - a potion of flight {unknown}
 t - a potion of ambrosia {unknown}


   Skills:
 + Level 0.6 Fighting
 + Level 2.8 Short Blades
 + Level 1.7 Bows
 + Level 3.0 Dodging
 + Level 4.0 Stealth
 + Level 8.5 Spellcasting
 + Level 7.7 Necromancy
 + Level 2.7 Translocations


You had 13 spell levels left.
You knew the following spells:

 Your Spells              Type           Power      Damage    Failure   Level
a - Pain                  Necr           100%       1d9       1%          1
b - Vampiric Draining     Necr           20%        2d8       1%          3
B - Blink                 Tloc           N/A        N/A       3%          2
D - Animate Dead          Necr           20%        N/A       3%          4
S - Animate Skeleton      Necr           82%        N/A       1%          1

Your spell library contained the following spells:

 Spells                   Type           Power      Damage    Failure   Level
 Foxfire                  Conj/Fire      36%        2x1d5     8%          1
 Magic Dart               Conj           36%        1d4       8%          1
 Agony                    Necr           41%        N/A       9%          5
 Call Imp                 Summ           9%         N/A       12%         2
 Slow                     Hex            9%         N/A       12%         2
 Conjure Flame            Conj/Fire      9%         6-21      22%         3
 Inner Flame              Hex/Fire       9%         N/A       22%         3
 Mephitic Cloud           Conj/Pois/Air  9%         N/A       22%         3
 Sticky Flame             Conj/Fire      9%         2d3       58%         4
 Fireball                 Conj/Fire      4%         3d4       91%         5


Dungeon Overview and Level Annotations

Branches:
Dungeon (6/15)
 Temple: D:4-7

Altars:
Cheibriados
Nemelex Xobeh
Yredelemnul
The Shining One

Shops:
D:2 (

Annotations:
D:5 Duvessa


Message History

You are electrocuted!
* * * LOW HITPOINT WARNING * * *
Unknown command.
Unknown command.
Unknown command.
Unknown command.
Casting: Vampiric Draining (safe; 1% risk of failure)
Confirm with . or Enter, or press ? or * to list all spells.
Aiming: Vampiric Draining (safe; 1% risk of failure)
Press: ? - help, Shift-Dir - straight line, f/p - Duvessa
Aim: Duvessa, wielding a +0 short sword of electrocution, wearing a +0 leather armour and quivering stones (severely wounded, berserk)
You draw life force from Duvessa!
You feel life coursing into your body.
An orc priest comes into view. It is wielding a +0 club.
Duvessa hits you with a +0 short sword of electrocution!
* * * LOW HITPOINT WARNING * * *
Unknown command.
Unknown command.
Unknown command.
Unknown command.
Casting: Vampiric Draining (safe; 1% risk of failure)
Confirm with . or Enter, or press ? or * to list all spells.
Aiming: Vampiric Draining (safe; 1% risk of failure)
Press: ? - help, Shift-Dir - straight line, f/p - Duvessa
Aim: Duvessa, wielding a +0 short sword of electrocution, wearing a +0 leather armour and quivering stones (severely wounded, berserk)
You draw life force from Duvessa.
You feel life coursing into your body. Duvessa closely misses you.
Unknown command.
Unknown command.
Unknown command.
Unknown command.
Casting: Vampiric Draining (safe; 1% risk of failure)
Confirm with . or Enter, or press ? or * to list all spells.
Aiming: Vampiric Draining (safe; 1% risk of failure)
Press: ? - help, Shift-Dir - straight line, f/p - Duvessa
Aim: Duvessa, wielding a +0 short sword of electrocution, wearing a +0 leather armour and quivering stones (almost dead, berserk)
You draw life force from Duvessa.
You feel life coursing into your body.
Duvessa hits you with a +0 short sword of electrocution.
* * * LOW HITPOINT WARNING * * *
You are electrocuted!
You die...

.(.# #..............# .o..
######.........#
..(...#############.....######
.(### #...........###.....#...
.. ............###.....#.#.
............#.........#.
.......^................
........#####...........
.o..o.e@# #..........# .......
........# #########... ......
.........# #... .....
..........# ##### ####
#...###.........####...#
#.....e......(((...)...# .#
#..#................#..# ...
#...##............##...# #.#
#...#.#..........#.#...# #.#


You could see Duvessa (berserk), an orc priest and an orc.

Vanquished Creatures
  2 necrophages
  2 black bears (D:4)
  A scorpion (D:4)
  A water moccasin zombie (D:5)
  Dowan (D:5)
  3 killer bees (D:4)
  2 bullfrog zombies
  A hound (D:4)
  2 jellies
  An orc priest (D:3)
  A bullfrog skeleton (D:5)
  A howler monkey zombie (D:5)
  3 gnolls (D:2)
  3 adders
  10 dart slugs
  12 orcs
  8 ball pythons
  5 bats
  4 endoplasms
  3 giant cockroaches
  8 goblins
  5 hobgoblins
  8 kobolds
  2 quokkas
  7 rats
96 creatures vanquished.

Vanquished Creatures (collateral kills)
  An ogre (D:5)
  A hound (D:5)
  A goblin (D:1)
3 creatures vanquished.

Vanquished Creatures (others)
  2 withered plants (D:5)
2 creatures vanquished.

Grand Total: 101 creatures vanquished

Notes
Turn   | Place    | Note
-------+----------+-------------------------------------------
     0 | D:1      | Feb132020 the Deep Elf Necromancer began the quest for the
                  | Orb.
     0 | D:1      | Reached XP level 1. HP: 10/10 MP: 6/6
    25 | D:1      | Learned a level 1 spell: Animate Skeleton
   119 | D:1      | Reached skill level 5 in Necromancy
   305 | D:1      | Reached XP level 2. HP: 4/15 MP: 0/8
  1119 | D:2      | Found a sparkling altar of Nemelex Xobeh.
  1319 | D:2      | Reached XP level 3. HP: 14/19 MP: 5/10
  1403 | D:2      | Learned a level 3 spell: Vampiric Draining
  1436 | D:2      | Reached skill level 4 in Spellcasting
  1900 | D:2      | Found Dotach's Weapon Boutique.
  2446 | D:3      | Reached XP level 4. HP: 22/24 MP: 6/12
  2866 | D:3      | Reached skill level 5 in Spellcasting
  2988 | D:3      | Reached skill level 1 in Short Blades
  3124 | D:3      | Reached XP level 5. HP: 26/28 MP: 11/14
  3129 | D:3      | Learned a level 4 spell: Animate Dead
  3132 | D:3      | Learned a level 2 spell: Blink
  3933 | D:4      | Reached skill level 1 in Translocations
  4085 | D:4      | Reached XP level 6. HP: 29/32 MP: 10/16
  4089 | D:4      | Reached skill level 6 in Spellcasting
  4601 | D:4      | Found a glowing golden altar of the Shining One.
  4602 | D:4      | Found a snail-covered altar of Cheibriados.
  4674 | D:4      | Reached skill level 7 in Spellcasting
  4674 | D:4      | Reached XP level 7. HP: 28/36 MP: 4/19
  5169 | D:2      | Bought a +0 shortbow for 39 gold pieces
  5571 | D:5      | Entered Level 5 of the Dungeon
  5639 | D:5      | Noticed Dowan
  5640 | D:5      | Noticed Duvessa
  6336 | D:5      | Found a basalt altar of Yredelemnul.
  6348 | D:5      | Reached skill level 1 in Bows
  6495 | D:5      | Reached skill level 8 in Spellcasting
  6495 | D:5      | Reached XP level 8. HP: 38/42 MP: 18/22
  6784 | D:5      | Killed Dowan
  6967 | D:5      | Mangled by Duvessa

Illustrated notes

Levels and vault maps discovered:
D:1:      ebering_trefoil_twist, layout_rooms
D:2:      layout_basic, serial_shops, shop, basic_altar
D:3:      kennysheep_slugbush, layout_basic
D:4:      minmay_general_purpose_star, layout_layer_cave, minitemple,
          grunt_ministairs_15
D:5:      layout_basic, yredelemnul_altar_generic,
          minmay_misc_feat_secret_circle, uniq_duvessa
D:6:      layout_rooms, minmay_misc_feat_hallway

Skill      XL: |  1  2  3  4  5  6  7  8 |
---------------+-------------------------+-----
Necromancy     | 5 6 7 |  7.7
Spellcasting   | 4 5 7 8 |  8.5
Stealth        | 3 4 |  4.0
Short Blades   | 1 2 |  2.8
Translocations | 1 2 |  2.7
Bows           | 1 |  1.7
Dodging        | 3 |  3.0
Fighting       | |  0.6

Action                   |  1- 3 |  4- 6 |  7- 9 || total
-------------------------+-------+-------+-------++-------
Melee: Dagger            |    33 |    19 |    81 ||   133
       Shortbow          |       |       |     1 ||     1
 Fire: Shortbow          |       |       |    19 ||    19
 Cast: Pain              |    53 |    64 |    33 ||   150
       Animate Skeleton  |    10 |    10 |     6 ||    26
       Vampiric Draining |     2 |     8 |     4 ||    14
       Blink             |       |       |     1 ||     1
  Use: Scroll            |     1 |     2 |    10 ||    13
       Potion            |       |       |     1 ||     1
 Stab: Sleeping          |     2 |     4 |     2 ||     8
Armor: Robe              |     6 |    19 |    22 ||    47
Dodge: Dodged            |    25 |    29 |    38 ||    92

Table legend: (Time is in decaauts)
 A = Elapsed time spent in this place.
 B = Non-inter-level travel time spent in this place.
 C = Inter-level travel time spent in this place.
 D = Time resting spent in this place.
 E = Time spent auto-exploring this place.
 F = Levels seen in this place.
 G = Mean time per level.
                   A        B        C        D        E       F      G
               +--------+--------+--------+--------+--------+-----+--------+
         Total |   6968 |   6498 |    470 |    198 |   5138 |   6 | 1161.3 |
       Dungeon |   6968 |   6498 |    470 |    198 |   5138 |   6 | 1161.3 |
               +--------+--------+--------+--------+--------+-----+--------+

Top non-repeatable levels by time:
     D:3: 1611 daAuts
     D:4: 1578 daAuts
     D:2: 1338 daAuts
     D:5: 1088 daAuts
     D:1: 1059 daAuts
     D:6: 293 daAuts
